 Seeded DCSS version 0.28-a0-1339-ga5422284a4 (webtiles) character file.

Game seed: 12130800008223909736 (custom seed)

60 croobank the Digger (level 4, 0/24 HPs)
             Began as a Gargoyle Earth Elementalist on Dec 29, 2021.
             Killed from afar by Ijyb (6 damage)
             ... with a puff of flame
             ... on level 3 of the Dungeon.
             The game lasted 00:12:45 (2463 turns).

croobank the Digger (Gargoyle Earth Elementalist)   Turns: 2463, Time: 00:12:46

Health: 0/24       AC:  5    Str: 12    XL:     4   Next: 6%
Magic:  0/7        EV: 12    Int: 17    God:
Gold:   47         SH:  0    Dex: 10    Spells: 3/7 levels left

rFire   . . .      SeeInvis .   a - +0 trident
rCold   . . .      Faith    .   (no shield)
rNeg    + . .      Spirit   .   b - +0 robe
rPois   ∞          Reflect  .   (no helmet)
rElec   +          Harm     .   (no cloak)
rCorr   .          Rampage  .   (no gloves)
Will    .....                   (no boots)
Stlth   ++........              (no amulet)
HPRegen 0.08/turn               e - ring of wizardry
MPRegen 0.10/turn               (no ring)

@: mighty
A: sickness immunity, AC +3, negative energy resistance 1, electricity
resistance, torment resistance 1, petrification resistance
a: no special abilities


You were on level 3 of the Dungeon.
You visited 1 branch of the dungeon, and saw 3 of its levels.

You collected 70 gold pieces.
You spent 23 gold pieces at shops.

Inventory:

Hand Weapons
 a - a +0 trident (weapon)
Missiles
 c - 13 stones
 d - 18 bolts
 f - 35 poisoned darts (quivered)
 n - 23 arrows
Armour
 b - a +0 robe (worn)
 h - a +1 kite shield of resistance
 j - a +0 scale mail
 o - a +0 leather armour
Jewellery
 e - a ring of wizardry (left hand)
Scrolls
 g - a scroll of teleportation {teleportation, unknown}
 i - 3 scrolls of enchant armour {enchant armour, unknown}
 m - a scroll of identify {identify, unknown}
Potions
 k - a potion of might {might}
 l - a potion of curing {curing, unknown}


   Skills:
 + Level 2.0 Dodging
 + Level 3.0 Stealth
 + Level 2.4 Spellcasting
 + Level 1.4 Transmutations
 + Level 4.1 Earth Magic


You had 3 spell levels left.
You knew the following spells:

 Your Spells              Type           Power      Damage    Failure   Level
a - Sandblast             Erth           32%        2d9       1%          1
b - Stone Arrow           Conj/Erth      18%        3d8       10%         3

Your spell library contained the following spells:

 Spells                   Type           Power      Damage    Failure   Level
 Passwall                 Tmut/Erth      9%         N/A       3%          2
 Petrify                  Tmut/Erth      11%        N/A       22%         4


Dungeon Overview and Level Annotations

Branches:
Dungeon (3/15)

Altars:

Shops:
D:1 *   D:2 =   D:3 !

Annotations:
D:3 Ijyb


Innate Abilities, Weirdness & Mutations

You are immune to sickness and miasma.
Your stone body is resilient. (AC +3)
You are immune to poison.
You resist negative energy. (rN+)
You are resistant to electric shocks. (rElec)
You are resistant to unholy torment.
You are immune to petrification.


Message History

Aim: Ijyb, wielding a +0 dagger, wearing a +0 leather armour and carrying a wand of flame (21) (asleep, 100% to hit)
The stone arrow hits Ijyb!
Ijyb is heavily wounded.
Ijyb shouts!
Casting: Stone Arrow (quite dangerous; 10% risk of failure)
Confirm with . or Enter, or press ? or * to list all spells.
The spell is quite dangerous to miscast (10% risk of failure)!
Continue anyway?
Aiming: Stone Arrow (quite dangerous; 10% risk of failure)
Press: ? - help, Shift-Dir - straight line, f/p - Ijyb
Aim: Ijyb, wielding a +0 dagger, wearing a +0 leather armour and carrying a wand of flame (21) (heavily wounded, 55% to hit)
The stone arrow misses Ijyb.
Casting: Stone Arrow (quite dangerous; 10% risk of failure)
Confirm with . or Enter, or press ? or * to list all spells.
Aiming: Sandblast (safe; 1% risk of failure)
Press: ? - help, Shift-Dir - straight line, f/p - Ijyb
Aim: Ijyb, wielding a +0 dagger, wearing a +0 leather armour and carrying a wand of flame (21) (heavily wounded, 74% to hit)
The blast of sand hits Ijyb but does no damage.
Ijyb is heavily wounded.
c - 13 stones
Casting: Sandblast (safe; 1% risk of failure)
Confirm with . or Enter, or press ? or * to list all spells.
You don't have enough magic to cast this spell.
An adder comes into view.
Ijyb hits you with a +0 dagger.
You hit Ijyb.
Ijyb is heavily wounded.
Ijyb zaps a wand.
The puff of flame hits you!
Okay, then.
It was a potion of might {might}.
You feel very mighty all of a sudden. Ijyb hits you with a +0 dagger.
You puncture Ijyb!
Ijyb is almost dead.
Ijyb hits you with a +0 dagger.
* * * LOW HITPOINT WARNING * * *
You barely miss Ijyb.
Ijyb is almost dead.
Ijyb zaps a wand.
The puff of flame misses you.
Ijyb zaps a wand.
The puff of flame hits you.
You die...

####.##.... #$#...
#...<...##. .#...
#.#..#.###. ....
#.#..#.###. #...
#.#........ #...
#.#.##.#### #...
#.#.##.##..
####..g#######......#...
......S@......##.###.#..
....................###.
...............#.###.#†.
##.#...#>####..#.###<...
# #...#.# #...........
#.!.#.# ##.##.##.###
#...#.# #.##.##†#
#...#.# #.....).#
.........#.######


You could see Ijyb and an adder.

Vanquished Creatures
  2 adders (D:2)
  A dart slug (D:1)
  2 endoplasms
  3 giant cockroaches
  2 goblins
  5 hobgoblins
  4 quokkas
  4 ball pythons
  5 bats (D:1)
  3 frilled lizards (D:1)
  2 kobolds (D:1)
  5 rats
38 creatures vanquished.

Vanquished Creatures (others)
  2 fungi (D:2)
  2 plants (D:2)
4 creatures vanquished.

Grand Total: 42 creatures vanquished

Notes
Turn   | Place    | Note
-------+----------+-------------------------------------------
     0 | D:1      | croobank the Gargoyle Earth Elementalist began the quest
                  | for the Orb.
     0 | D:1      | Reached XP level 1. HP: 10/10 MP: 3/3
   442 | D:1      | Reached skill level 1 in Transmutations
   442 | D:1      | Reached XP level 2. HP: 9/15 MP: 3/5
   563 | D:1      | Found Wisoshren's General Store.
  1042 | D:1      | Reached XP level 3. HP: 19/19 MP: 3/6
  1207 | D:1      | Bought 21 stones for 23 gold pieces
  1346 | D:2      | Reached skill level 4 in Earth Magic
  1679 | D:2      | Found Tueluf's Jewellery Shoppe.
  1724 | D:2      | Found a faded altar of an unknown god.
  2178 | D:3      | Reached XP level 4. HP: 9/24 MP: 5/7
  2411 | D:3      | Found Couciofe's Distillery.
  2447 | D:3      | Noticed Ijyb
  2455 | D:3      | Learned a level 3 spell: Stone Arrow
  2463 | D:3      | Killed from afar by Ijyb

Illustrated notes

Levels and vault maps discovered:
D:1:      grunt_arrival_crossed_arrows, layout_loops_ring, serial_shops, shop,
          chequers_serial_rivers_micro_b
D:2:      layout_basic, serial_shops, shop,
          shapermc_ecumenical_altar_mp_urbaneastern
D:3:      layout_loops_cross, serial_shops, shop_statue, uniq_ijyb, uniq_sigmund

Skill      XL: |  1  2  3 |
---------------+----------+-----
Transmutations | 1 |  1.4
Earth Magic    | 4 |  4.1
Dodging        | 2 |  2.0
Stealth        | 3 |  3.0
Spellcasting   | |  2.4

Action                   |  1- 3 |  4- 6 || total
-------------------------+-------+-------++-------
Melee: Unarmed           |    24 |       ||    24
       Spear             |    18 |       ||    18
       Trident           |     8 |     6 ||    14
Throw: Dart              |    15 |     4 ||    19
 Cast: Sandblast         |    36 |     2 ||    38
       Stone Arrow       |       |     2 ||     2
  Use: Potion            |       |     1 ||     1
 Stab: Sleeping          |     5 |       ||     5
Armor: Robe              |    23 |       ||    23
Dodge: Dodged            |    45 |     3 ||    48

Table legend: (Time is in decaauts)
 A = Elapsed time spent in this place.
 B = Non-inter-level travel time spent in this place.
 C = Inter-level travel time spent in this place.
 D = Time resting spent in this place.
 E = Time spent auto-exploring this place.
 F = Levels seen in this place.
 G = Mean time per level.
                   A        B        C        D        E       F      G
               +--------+--------+--------+--------+--------+-----+--------+
         Total |   2467 |   2334 |    133 |    425 |   1510 |   3 |  822.3 |
       Dungeon |   2467 |   2334 |    133 |    425 |   1510 |   3 |  822.3 |
               +--------+--------+--------+--------+--------+-----+--------+

Top non-repeatable levels by time:
     D:1: 1245 daAuts
     D:2: 881 daAuts
     D:3: 340 daAuts
